 Dungeon Crawl Stone Soup version 0.29.1-15-g9cfb28693d (webtiles) character file.

Game seed: 14891832773878887222

48 leafyfresh the Covert (level 3, -3/26 HPs)
             Began as an Octopode Delver on Feb 24, 2023.
             Slain by an orc wizard
             ... wielding a +0 dagger
              (4 damage)
             ... on level 5 of the Dungeon.
             The game lasted 00:00:30 (78 turns).

leafyfresh the Covert (Octopode Delver)               Turns: 78, Time: 00:00:30

Health: -3/26      AC:  1    Str: 11    XL:     3   Next: 72%
Magic:  3/3        EV: 13    Int: 14    God:
Gold:   16         SH:  0    Dex: 13    Spells: 2/2 levels left

rFire   . . .      SeeInvis .   a - +0 short sword
rCold   . . .      Faith    .   (no shield)
rNeg    . . .      Spirit   .   (helmet restricted)
rPois   .          Reflect  .   (no amulet)
rElec   .          Harm     .   (no ring)
rCorr   .          Rampage  .   (no ring)
Will    .....                   (no ring)
Stlth   +++.......              (no ring)
HPRegen 0.08/turn               (no ring)
MPRegen 0.08/turn               (no ring)
                                (no ring)
                                (no ring)

@: confused
A: almost no armour, amphibious, 8 rings, camouflage 1, gelatinous body 1,
(nimble swimmer 1), tentacles
a: no special abilities


You were on level 5 of the Dungeon.
You visited 1 branch of the dungeon, and saw 2 of its levels.

You collected 16 gold pieces.

Inventory:

Hand Weapons
 a - a +0 short sword (weapon)
Wands
 f - a wand of digging (3)
Scrolls
 b - a scroll of fog
 c - a scroll of magic mapping
 d - a scroll of fear
 g - a scroll of teleportation {unknown}
Potions
 e - a potion of haste
 h - 2 potions of curing {unknown}


   Skills:
 - Level 3.0 Fighting
 - Level 2.0 Short Blades
 - Level 2.0 Dodging
 + Level 8.2 Stealth


You had 2 spell levels left.
You didn't know any spells.
Your spell library was empty.

Dungeon Overview and Level Annotations

Branches:
Dungeon (5/15)
 Temple: D:4-7

Altars:


Innate Abilities, Weirdness & Mutations

You cannot wear most types of armour.
You are amphibious.
You can wear up to eight rings at the same time.
Your skin changes colour to match your surroundings (Stealth+).
Your rubbery body absorbs attacks. (AC +1, EV +1)
((You are camouflaged when in or above water. (Stealth+)))
You have tentacles for arms and can constrict up to eight enemies at once.


Message History

The orc priest is moderately wounded.
You constrict the orc priest.
The orc priest invokes the aid of Beogh against you.
Pain shoots through your body!
You hit the orc priest.
The orc priest is severely wounded.
You constrict the orc priest.
The orc priest invokes the aid of Beogh against you.
Pain shoots through your body!
* * * LOW HITPOINT WARNING * * *
You hit the orc priest.
You kill the orc priest!
Your Stealth skill increases to level 8!
You have reached level 3!
Your experience leads to an increase in your attributes!
Increase (S)trength, (I)ntelligence, or (D)exterity?
You feel clever. x2
Unknown command.
You hit the orc. You grab the orc. You squeeze the orc, but do no damage.
The orc is heavily wounded.
You constrict the orc. You hit the orc but do no damage.
The orc is severely wounded.
You constrict the orc.
You kill the orc!
You miss something. Your squeeze misses something.
Something hits you but does no damage.
You closely miss something.
You hear some strange, mumbled words.
You are confused.
You closely miss something. Something hits you.
* * * LOW HITPOINT WARNING * * *
You hear some strange, mumbled words.
Something tries to affect you, but you resist.
Something hits you.
* * * LOW HITPOINT WARNING * * *
You closely miss something. Your squeeze misses something. Something hits you.
* * * LOW HITPOINT WARNING * * *
You closely miss something. Something hits you.
You die...

#.# #####.###
#.......#
#.......#
###......$#
##.........#
#.o........#
#.o....#{#...$#
.......#.#@#....#
.....>...#.#......
##.....###.#......
##.... ... >....
#.... ##... ...#
#.... #.... #....
#..... #.$....
#.......


There were no monsters in sight!

Vanquished Creatures
  An orc priest (D:5)
  An adder (D:5)
  4 orcs (D:5)
6 creatures vanquished.

Notes
Turn   | Place    | Note
-------+----------+-------------------------------------------
     0 | D:5      | leafyfresh the Octopode Delver began the quest for the Orb.
     0 | D:5      | Reached XP level 1. HP: 16/16 MP: 1/1
    23 | D:4      | Noticed a hound
    50 | D:5      | Reached skill level 7 in Stealth
    50 | D:5      | Reached XP level 2. HP: 21/21 MP: 2/2
    69 | D:5      | Reached skill level 8 in Stealth
    69 | D:5      | Reached XP level 3. HP: 8/26 MP: 3/3
    77 | D:5      | HP: 1/26 [something (3)]
    78 | D:5      | Slain by an orc wizard

Illustrated notes

Levels and vault maps discovered:
D:4:      layout_cave_pools
D:5:      layout_basic, biasface_ghost_orc_armoury, minmay_fire_ice_demons

Skill      XL: |  1  2 |
---------------+-------+-----
Stealth        | 7 8 |  8.2
Fighting       | |  3.0
Short Blades   | |  2.0
Dodging        | |  2.0

Action                   || total
-------------------------++-------
Melee: Short sword       ||    23
       Constrict         ||     5
       Tentacles         ||     3
 Stab: Sleeping          ||     1
Armor: Skin              ||     1
Dodge: Dodged            ||     7
